Map: Taito Citadel LE

Players

FloorBoy

  • Race: Terran Terran
  • League: Diamond
  • Spawn Location: 5:00

TheSun - Winner!

  • Race: Protoss Protoss
  • League: Master
  • Spawn Location: 11:00

VOD

Have the link to the VOD?

Description

Time

  • Played on: Dec. 14, 2025, 8:11 a.m.
  • Length: 15:55
Show
View Real Time Build Order
Export as new Build Order

FloorBoy Terran 

Build Orders:  

Get SALT Encoding   

  12  0:00  SCV  
  13  0:12  SCV  
  14  0:18  Supply Depot  
  14  0:24  SCV  
  15  0:40  SCV  
  15  0:41  Barracks  
  16  0:45  Refinery  
  16  0:52  SCV  
  17  1:06  SCV  
  18  1:19  SCV  
  19  1:28  Marine  
  19  1:31  Orbital Command  
  20  1:44  Command Center  
  20  1:50  Barracks Reactor  
  20  1:57  Supply Depot  
  20  2:02  SCV  
  21  2:12  Factory  
  21  2:16  SCV  
  22  2:25  Refinery  
  22  2:32  Marine  
  22  2:33  Bunker, Marine  
  22  2:35  SCV  
  25  2:47  SCV  
  26  2:54  Marine x2  
  26  2:55  Factory Tech Lab  
  28  2:59  Orbital Command  
  28  3:11  Supply Depot  
  29  3:12  SCV  
  29  3:13  Marine x2  
  31  3:22  Cyclone  
  31  3:26  SCV  
  35  3:30  SCV  
  35  3:32  Marine  
  37  3:39  Marine  
  37  3:40  SCV  
  39  3:42  SCV  
  40  3:51  Marine  
  40  3:52  SCV  
  40  3:55  SCV  
  43  3:57  Starport  
  43  4:03  Cyclone  
  43  4:07  SCV x2  
  43  4:09  Refinery  
  48  4:11  Marine x2  
  50  4:23  SCV x2  
  52  4:29  Marine x2  
  54  4:42  Cloaking Field  
  54  4:43  Factory Tech Lab  
  54  4:44  Supply Depot  
  54  4:50  Supply Depot  
  54  5:05  Banshee, Marine x2, SCV  
  54  5:06  SCV  
  61  5:10  Barracks  
  61  5:11  Supply Depot, Factory Tech Lab  
  61  5:14  Supply Depot  
  61  5:18  SCV x2  
  63  5:30  SCV x2, Marine  
  63  5:31  Marine  
  63  5:32  Command Center, Siege Tank  
  70  5:42  SCV x2  
  72  5:45  Supply Depot  
  72  5:49  Marine x2, Engineering Bay x2  
  74  5:50  Banshee  
  77  5:58  Stimpack  
  77  5:59  Marauder, SCV  
  77  6:00  SCV  
  81  6:12  Supply Depot  
  81  6:13  SCV x2  
  81  6:14  Marine x2  
  81  6:15  Siege Tank  
  88  6:26  Barracks  
  88  6:28  Marauder  
  90  6:41  Marine x2  
  90  6:43  SCV x2  
  90  6:44  Terran Infantry Armor Level 1, Terran Infantry Weapons Level 1  
  90  6:45  Orbital Command  
  94  6:52  Supply Depot  
  94  7:00  Supply Depot  
  94  7:03  Orbital Command  
  94  7:05  Siege Tank  
  94  7:06  Marine x2  
  99  7:10  Starport Reactor  
  99  7:13  SCV x2, Marine  
  102  7:22  Supply Depot  
  102  7:23  Supply Depot  
  102  7:24  Marine x2  
  102  7:27  Combat Shield  
  104  7:31  Armory  
  104  7:36  Marine  
  105  7:37  Marauder  
  105  7:38  Siege Tank  
  105  7:42  SCV x2  
  105  7:43  SCV  
  110  7:55  Marauder  
  112  8:05  Marine x2  
  112  8:06  Marauder  
  116  8:16  Marauder  
  116  8:19  Siege Tank, Medivac  
  123  8:20  Medivac  
  123  8:21  SCV x2  
  123  8:23  Marine x2  
  129  8:27  Marauder  
  129  8:30  Terran Vehicle Weapons Level 1  
  129  8:33  Supply Depot  
  131  8:37  Marauder  
  131  8:41  Marine x2  
  135  8:49  Marauder  
  135  8:53  Siege Tank  
  135  8:55  SCV  
  138  8:56  SCV x2  
  138  8:57  Concussive Shells  
  138  8:58  Marine  
  138  8:59  Marine  
  139  9:07  SCV  
  140  9:13  Command Center  
  140  9:14  Marine x2  
  140  9:16  Barracks  
  141  9:17  Marauder, Barracks x2, Supply Depot  
  141  9:21  Supply Depot  
  141  9:25  SCV x2  
  141  9:27  Refinery x2  
  143  9:32  Marauder  
  143  9:37  Marine x2  
  143  9:38  Marauder, Siege Tank, Medivac x2  
  156  9:48  Sensor Tower  
  156  9:49  Supply Depot  
  156  9:51  Terran Infantry Weapons Level 2, Terran Infantry Armor Level 2  
  156  9:53  SCV x2, Marauder  
  156  9:54  SCV  
  156  9:55  Marine x2  
  156  9:59  Marauder  
  133  10:17  Marine  
  133  10:18  Marine x5  
  133  10:20  Marine  
  135  10:35  Marine  
  135  10:36  Marine x5  
  123  11:03  SCV x2  
  118  11:11  Barracks Tech Lab x2  
  118  11:12  Barracks Reactor  
  118  11:26  Marine  
  118  11:27  Marine x3  
  118  11:28  Medivac, Siege Tank, Sensor Tower  
  118  11:29  Medivac  
  129  11:44  Marine  
  129  11:45  Marauder x2  
  129  11:46  SCV x3, Marine x3  
  140  11:51  Terran Vehicle Weapons Level 2  
  140  12:00  Siege Tank  
  143  12:02  Marine, Starport  
  143  12:03  Marine x2, Starport  
  143  12:04  Marine  
  143  12:05  Marauder x2  
  143  12:06  Marauder x2  
  143  12:07  Liberator x2  
  161  12:20  Marine  
  161  12:21  Marine x2  
  161  12:22  Marine  
  165  12:26  Marauder x2  
  165  12:27  Marine, Planetary Fortress  
  165  12:28  Marauder  
  172  12:31  Missile Turret x2  
  172  12:32  Siege Tank  
  175  12:38  Marine  
  175  12:39  Marine x2  
  175  12:40  Marine  
  179  12:46  Marauder  
  179  12:48  Marauder  
  183  12:58  Marine x6  
  185  13:00  Liberator x2  
  185  13:03  Starport Reactor  
  185  13:04  Starport Reactor  
  195  13:06  Marine  
  195  13:08  Marine  
  195  13:10  Supply Depot  
  195  13:12  Supply Depot  
  185  13:15  Marine  
  185  13:16  Marauder x2  
  185  13:17  Supply Depot  
  186  13:25  Marauder, Marine  
  186  13:26  Marine x3  
  162  13:33  Marine  
  148  13:37  Marine x2  
  144  13:42  Liberator x3  
  144  13:43  Marine, Medivac  
  144  13:44  Marine  
  144  13:45  Marauder  
  144  13:46  Marauder  
  161  14:01  Command Center  
  108  14:17  Marine x8  
  108  14:19  Siege Tank, Viking x2  
  105  14:35  Marine x3  
  105  14:36  Marauder x3  
Show
View Real Time Build Order
Export as new Build Order

TheSun Protoss - Winner!

Build Orders: 1 Gate Expand 

Get SALT Encoding   

  12  0:00  Probe  
  13  0:12  Probe  
  14  0:18  Pylon  
  14  0:24  Probe  
  15  0:37  Probe  
  15  0:38  Gateway  
  16  0:45  Assimilator  
  16  0:49  Probe  
  17  1:01  Probe  
  18  1:22  Probe  
  18  1:25  Cybernetics Core  
  19  1:30  Probe  
  20  1:42  Nexus  
  20  1:44  Probe  
  21  1:56  Stalker  
  21  1:57  Probe  
  21  2:02  Pylon  
  21  2:06  Warp Gate  
  23  2:16  Assimilator  
  23  2:20  Probe  
  24  2:22  Stalker  
  26  2:33  Probe  
  27  2:44  Gateway  
  27  2:45  Probe  
  28  2:52  Stalker  
  28  2:56  Pylon  
  30  3:05  Probe  
  30  3:06  Probe  
  32  3:17  Twilight Council  
  32  3:18  Probe  
  33  3:22  Robotics Facility  
  33  3:24  Probe  
  34  3:34  Charge  
  34  3:47  Probe x2  
  36  3:56  Stalker x2  
  36  3:59  Probe x2  
  42  4:03  Shield Battery  
  42  4:11  Probe x2  
  42  4:17  Observer  
  44  4:23  Probe x2  
  47  4:24  Gateway  
  47  4:25  Gateway  
  47  4:27  Pylon  
  47  4:34  Forge  
  47  4:41  Immortal  
  47  4:43  Probe  
  47  4:44  Probe  
  53  4:46  Protoss Ground Weapons Level 1  
  53  4:49  Zealot  
  55  4:55  Probe  
  55  4:56  Zealot, Probe  
  59  5:07  Probe  
  59  5:08  Probe  
  59  5:13  Pylon  
  59  5:14  Blink  
  61  5:18  Pylon  
  61  5:19  Probe  
  61  5:21  Assimilator  
  62  5:22  Assimilator  
  62  5:25  Observer  
  62  5:34  Pylon  
  63  5:48  Observer  
  64  5:50  Stalker  
  64  5:51  Stalker  
  64  5:56  Pylon  
  68  5:57  Gateway  
  68  5:59  Stalker  
  70  6:10  Stalker  
  72  6:29  Protoss Ground Weapons Level 2  
  72  6:30  Probe x2  
  72  6:31  Nexus  
  73  6:55  Robotics Bay  
  73  6:56  Pylon  
  73  7:13  Warp Prism  
  75  7:18  Gateway  
  75  7:20  Gateway  
  75  7:23  Gateway  
  75  7:33  Stalker  
  75  7:34  Stalker x4  
  75  7:36  Probe x2  
  87  7:43  Shield Battery  
  87  7:46  Photon Cannon  
  87  7:58  Photon Cannon  
  87  7:59  Pylon  
  87  8:03  Colossus  
  85  8:26  Pylon  
  91  8:35  Extended Thermal Lance  
  91  8:41  Assimilator  
  91  8:44  Assimilator  
  90  8:49  Protoss Ground Armor Level 1  
  90  8:51  Zealot x3  
  90  8:52  Zealot x3  
  90  8:53  Zealot  
  101  8:56  Probe x3  
  101  9:02  Photon Cannon  
  104  9:08  Probe x2  
  104  9:18  Photon Cannon  
  104  9:19  Probe  
  104  9:20  Probe  
  104  9:21  Probe  
  107  9:29  Templar Archives, Colossus  
  113  9:34  Zealot x5  
  113  9:35  Zealot x3  
  129  9:41  Pylon  
  129  9:44  Pylon  
  129  9:49  Pylon  
  129  10:02  Zealot  
  129  10:03  Zealot x5  
  119  10:09  Zealot  
  119  10:10  Zealot  
  71  10:23  High Templar x2  
  71  10:24  High Templar x2, Zealot  
  71  10:25  Zealot  
  83  10:29  Archon x2  
  66  10:48  Zealot x2  
  66  10:49  Zealot x2  
  74  10:57  Colossus  
  74  11:06  Stalker x4  
  74  11:07  Psionic Storm  
  84  11:13  Pylon  
  84  11:16  High Templar  
  84  11:17  High Templar  
  88  11:22  High Templar  
  88  11:23  Zealot x3  
  96  11:28  Probe x3  
  99  11:36  High Templar x2  
  99  11:37  Probe  
  103  11:40  Shield Battery, Probe  
  103  11:41  Probe  
  106  11:54  Archon  
  106  11:57  Nexus  
  106  11:58  High Templar x2  
  106  11:59  High Templar x2  
  106  12:00  Zealot, Pylon  
  116  12:02  Probe  
  116  12:03  Archon x2  
  116  12:04  Probe  
  118  12:19  High Templar  
  118  12:20  High Templar  
  122  12:28  Nexus  
  122  12:30  Pylon  
  122  12:32  Zealot x4  
  122  12:33  Zealot  
  122  12:36  Pylon  
  132  12:41  High Templar  
  133  12:59  High Templar  
  133  13:00  Colossus  
  131  13:18  Stalker x3  
  127  13:21  Zealot x2  
  127  13:22  Zealot x2  
  127  13:26  Archon x2  
  115  13:46  Stargate  
  115  13:48  Stalker x2  
  115  13:49  Stalker x5  
  115  13:50  Stargate  
  129  13:56  Probe x4  
  129  14:17  Archon  
  113  14:21  High Templar  
  113  14:22  High Templar x3  
  111  14:39  Stalker x4  
  119  14:57  Probe x3  
  122  15:01  Assimilator  
  122  15:02  Assimilator  
  122  15:04  Photon Cannon  
  114  15:07  Photon Cannon, Archon  
  106  15:29  Stalker x2  
  106  15:30  Stalker x5  
  106  15:31  Stalker  
  122  15:52  Fleet Beacon  
Tags
 
Add a new tag
Caveats
  • Supply blocks, unpowered buildings, or Contaminate may cause inaccurate times.
  • Supply counts are checked every 10 seconds.